 Dungeon Crawl Stone Soup version 0.24.0-123-gd5b16e6ec5 (webtiles) character file.

Game seed: 7107945517738012319, levelgen mode: deterministic

15 FluffGlitter the Sneak (level 2, -1/13 HPs)
             Began as a Spriggan Enchanter on Jan 12, 2020.
             Slain by a gnoll
             ... wielding a +0 spear
              (7 damage)
             ... on level 1 of the Dungeon.
             The game lasted 00:05:57 (860 turns).

FluffGlitter the Sneak (Spriggan Enchanter)          Turns: 860, Time: 00:05:58

Health: -1/13      AC:  2    Str:  4    XL:     2   Next: 34%
Magic:  5/7        EV: 18    Int: 16    God:
Gold:   11         SH:  0    Dex: 16    Spells: 6/7 levels left

rFire    . . .     SeeInvis +   a - +1 dagger
rCold    . . .     Gourm    .   (shield restricted)
rNeg     . . .     Faith    .   b - +0 robe
rPois    .         Spirit   .   (helmet restricted)
rElec    .         Reflect  .   (no cloak)
rCorr    .         Harm     .   (gloves unavailable)
MR       .....                  (boots unavailable)
Stlth    +++.......             (no amulet)
HPRegen  0.04/turn              (no ring)
MPRegen  0.10/turn              (no ring)

@: very quick
A: very small, unfitting armour, see invisible, herbivore, speed 3, slow
metabolism 2
a: no special abilities


You were on level 1 of the Dungeon.
You were not hungry.

You visited 1 branch of the dungeon, and saw 2 of its levels.

You collected 11 gold pieces.

Inventory:

Hand Weapons
 a - a +1 dagger (weapon)
Missiles
 c - 49 stones (quivered)
Armour
 b - a +0 robe (worn)
Scrolls
 d - a scroll of noise {unknown}
 f - a scroll of enchant weapon {unknown}
Comestibles
 e - a ration {!d}


   Skills:
 + Level 1.5 Short Blades
 + Level 3.3 Dodging
 + Level 4.7 Stealth
 + Level 3.0 Spellcasting
 + Level 3.8 Hexes


You had 6 spell levels left.
You knew the following spells:

 Your Spells              Type           Power        Failure   Level  Hunger
a - Corona                Hex            ##.....      3%          1    #......

Your spell library contained the following spells:

 Spells                   Type           Power        Failure   Level  Hunger
 Confuse                  Hex            ##......     12%         3    ###....
 Tukima's Dance           Hex            ##......     12%         3    ###....
 Ensorcelled Hibernation  Hex/Ice        #.....       13%         2    ##.....
 Dazzling Spray           Conj/Hex       #.....       26%         3    ###....


Dungeon Overview and Level Annotations

Branches:
Dungeon (2/15)

Altars:


Innate Abilities, Weirdness & Mutations

You are very small and have problems with some larger weapons.
You are too small for most types of armour.
You have supernaturally acute eyesight. (SInv)
You are a herbivore.
You cover ground extremely quickly.
You need to consume almost no food.


Message History

You barely miss the frilled lizard.
The frilled lizard completely misses you.
You hit the frilled lizard.
You kill the frilled lizard!
You start resting.
You start resting.
The hobgoblin is too close now for your liking.
You see here a frilled lizard corpse.
You strike the helpless hobgoblin from behind!
You puncture the hobgoblin!
You kill the hobgoblin!
You see here a frilled lizard corpse.
You see here a frilled lizard corpse.
A rat and a dart slug come into view.
The helpless rat fails to defend itself.
You impale the rat!!
You kill the rat!
The helpless dart slug fails to defend itself.
You impale the dart slug!!
You kill the dart slug!
Your Spellcasting skill increases to level 3!
You start resting.
Okay, then.
You see here a dart slug corpse.
Found a spear.
Found a scroll labeled OSIONO AZOL.
A hobgoblin comes into view. It is wielding a +0 club.
A frilled lizard comes into view.
Found a scroll labeled NOONIU ZU MEM.
A giant cockroach and a gnoll come into view.
The hobgoblin shouts!
The frilled lizard hisses angrily.
The gnoll shouts!
You start waiting.
The gnoll is too close now for your liking.
Aim: a gnoll, wielding a +0 spear (chance to defeat MR: 60%)
The gnoll struggles to resist.
Aim: a gnoll, wielding a +0 spear (chance to defeat MR: 60%)
The gnoll is outlined in light.
The gnoll hits you from afar with a +0 spear.
The gnoll closely misses you.
You hit the gnoll but do no damage. The gnoll barely misses you.
You hit the gnoll. The gnoll misses you.
You barely miss the gnoll. The gnoll barely misses you.
You hit the gnoll. The gnoll completely misses you.
You hit the gnoll. You hit the gnoll but do no damage.
The gnoll barely misses you.
You hit the gnoll but do no damage. The gnoll hits you with a +0 spear.
* * * LOW HITPOINT WARNING * * *
The gnoll hits you from afar with a +0 spear!
Ouch! That really hurt!
You die...

#..†.# #.#.#..#.#.
#.##.# #.#....#...
#.##.###.#.#######
#.#........#
#.#..###.###
#.#..# #.# #.#†.#
#.# #.#..# #.#
#@######.# #.#...
..# ##g#.######
#.sg....#
####.##)# #.##
#..# ##.# #......#


You could see a gnoll, a giant cockroach and a hobgoblin.

Vanquished Creatures
  A dart slug (D:1)
  A giant cockroach (D:1)
  3 goblins (D:1)
  3 hobgoblins (D:1)
  A kobold (D:1)
  A frilled lizard (D:1)
  A rat (D:1)
11 creatures vanquished.

Notes
Turn   | Place    | Note
-------+----------+-------------------------------------------
     0 | D:1      | FluffGlitter the Spriggan Enchanter began the quest for the
                  | Orb.
     0 | D:1      | Reached XP level 1. HP: 9/9 MP: 5/5
   638 | D:1      | Reached XP level 2. HP: 13/13 MP: 6/6
   860 | D:1      | Slain by a gnoll

Levels and vault maps discovered:
D:1:      dpeg_arrival_castle, layout_basic
D:2:      layout_basic, old_standard_altar, kennysheep_doodads

Skill      XL: |  1  2 |
---------------+-------+-----
Spellcasting   | 3 |  3.0
Short Blades   | |  1.5
Dodging        | |  3.3
Stealth        | |  4.7
Hexes          | |  3.8

Action                   || total
-------------------------++-------
Melee: Dagger            ||    53
 Cast: Corona            ||    15
 Stab: Sleeping          ||     3
       Distracted        ||     1
Armor: Robe              ||     5
Dodge: Dodged            ||    29
